 Dungeon Sprint DCSS version 0.28.0-53-g5a82cb258f (webtiles) character file.

Game seed: 13197773955313213137

87 Zeld the Thaumaturge (level 4, 0/24 HPs)
             Began as a Deep Elf Conjurer on June 5, 2022.
             Slain by a hound (3 damage)
             ... in the Dungeon (Sprint IX: "|||||||||||||||||||||||||||||").
             The game lasted 00:00:27 (313 turns).

Zeld the Thaumaturge (Deep Elf Conjurer)             Turns: 313, Time: 00:00:27

Health: 0/24       AC:  2    Str:  4    XL:     4   Next: 28%
Magic:  2/16       EV: 12    Int: 25    God:
Gold:   0          SH:  0    Dex: 13    Spells: 16/19 levels left

rFire   . . .      SeeInvis .   h - +0 dagger
rCold   . . .      Faith    .   (no shield)
rNeg    . . .      Spirit   .   a - +0 robe
rPois   .          Reflect  .   (no helmet)
rElec   .          Harm     .   (no cloak)
rCorr   .          Rampage  .   (no gloves)
Will    .....      NoTele   +   (no boots)
Stlth   ++........              (no amulet)
HPRegen 0.08/turn               (no ring)
MPRegen 0.15/turn               (no ring)

@: no status effects
A: no striking features
a: no special abilities


You were in the Dungeon.
You visited 1 branch

Inventory:

Hand Weapons
 h - a +0 dagger (weapon)
Armour
 a - a +0 robe (worn)
Scrolls
 g - a scroll of blinking
Potions
 b - a potion of curing
 c - a potion of heal wounds
 d - a potion of haste
 e - 2 potions of magic
 f - a potion of berserk rage


   Skills:
 - Level 2.4 Dodging
 - Level 2.4 Stealth
 + Level 8.0 Spellcasting
 + Level 7.6 Conjurations
 - Level 2.0 Hexes
 - Level 2.0 Translocations


You had 16 spell levels left.
You knew the following spells:

 Your Spells              Type           Power      Damage    Failure   Level
a - Magic Dart            Conj           100%       1d8       1%          1
b - Searing Ray           Conj           96%        2d7       1%          2

Your spell library contained the following spells:

 Spells                   Type           Power      Damage    Failure   Level
 Dazzling Flash           Conj/Hex       68%        N/A       2%          3
 Fulminant Prism          Conj/Hex       17%        3d11      9%          4
 Iskenderun's Mystic Bla  Conj/Tloc      34%        2d8       9%          4


Dungeon Overview and Level Annotations

Branches:
Dungeon (1/1)

Altars:


Message History

The orc is heavily wounded. (Press . to maintain the ray.)
The hound misses you.
The searing ray hits the hound.
The hound is severely wounded.
The searing ray hits the centaur!
The centaur is severely wounded.
The searing ray hits the orc.
You kill the orc!
The hound bites you. x2
Your Conjurations skill increases to level 5!
The searing ray misses the hound.
The searing ray hits the centaur.
The centaur is severely wounded.
The hound closely misses you.
Unknown command.
The searing ray misses the hound.
The searing ray hits the centaur!
You kill the centaur!
You finish channelling your searing ray.
The hound bites you.
* * * LOW HITPOINT WARNING * * *
The hound bites you.
* * * LOW HITPOINT WARNING * * *
Your Spellcasting skill gained 4 levels and is now at level 8!
Your Conjurations skill gained 2 levels and is now at level 7!
You have reached level 3!
Your experience leads to an increase in your attributes!
Increase (S)trength, (I)ntelligence, or (D)exterity?
You feel clever. x2
You have reached level 4!
You feel clever.
Casting: Searing Ray (safe; 1% risk of failure)
Confirm with . or Enter, or press ? or * to list all spells.
Aiming: Searing Ray (safe; 1% risk of failure)
Press: ? - help, Shift-Dir - straight line, f - hound
Aim: a hound (severely wounded, 76% to hit)
The searing ray hits the hound.
The hound is almost dead. (Press . to maintain the ray.)
The hound bites you.
You die...

▓.▓
▓.▓
▓'▓
▓)▓
▓.▓
▓.▓
▓.▓
▓.▓
▓@▓
▓h▓
▓)▓
▓)▓
▓.▓
▓.▓
▓+▓


You could see a hound.

Vanquished Creatures
  A centaur (D)
  2 orcs (D)
  A ball python (D)
  A bat (D)
  2 kobolds (D)
  A ball python skeleton (D)
  A frilled lizard (D)
9 creatures vanquished.

Notes
Turn   | Place    | Note
-------+----------+-------------------------------------------
     0 | D        | Zeld the Deep Elf Conjurer began the quest for the Orb.
     0 | D        | Reached XP level 1. HP: 10/10 MP: 6/6
     5 | D        | Reached skill level 1 in Hexes
     7 | D        | Reached skill level 1 in Translocations
   175 | D        | Noticed a hound
   175 | D        | Noticed a centaur
   178 | D        | Reached skill level 4 in Spellcasting
   178 | D        | Reached XP level 2. HP: 15/15 MP: 6/9
   307 | D        | Learned a level 2 spell: Searing Ray
   311 | D        | Reached skill level 5 in Conjurations
   312 | D        | Killed a centaur
   313 | D        | Reached skill level 8 in Spellcasting
   313 | D        | Reached XP level 3. HP: 2/19 MP: 4/14
   313 | D        | Reached XP level 4. HP: 3/24 MP: 4/16
   313 | D        | Slain by a hound

Illustrated notes

Levels and vault maps discovered:
D:        linesprint [early_d, line_temple, items_1, d_10, items_2, lair_1,
          lair_end, items_3, orc_1, orc_end, items_4, d_15, swamp_1, shoals_1,
          snake_1, spider_1, d_20, vaults_1, items_5, swamp_end, shoals_end,
          snake_end, spider_end, vaults_end, d_27, items_6, zot_1, zot_end,
          crypt_end, forest_end, elf_end, slime_end, tomb_end, abyss_end,
          pan_hell_end]

Skill      XL: |  1  2 |
---------------+-------+-----
Hexes          | 2 |  2.0
Translocations | 2 |  2.0
Spellcasting   | 4 8 |  8.0
Conjurations   | 7 |  7.6
Dodging        | |  2.4
Stealth        | |  2.4

Action                   |  1- 3 |  4- 6 || total
-------------------------+-------+-------++-------
 Cast: Magic Dart        |     8 |       ||     8
       Searing Ray       |     1 |     1 ||     2
Dodge: Dodged            |     2 |       ||     2
